 Seeded DCSS version 0.30.0-18-gc0e69614cb (webtiles) character file.

Game seed: 6351066067085065685 (custom seed)

30 Esekla the Sneak (level 3, -1/26 HPs)
             Began as an Octopode Delver on May 24, 2023.
             Slain by an iguana (14 damage)
             ... on level 5 of the Dungeon.
             The game lasted 00:03:58 (780 turns).

Esekla the Sneak (Octopode Delver)                   Turns: 780, Time: 00:03:59

Health: -1/26      AC:  1    Str: 11    XL:     3   Next: 18%
Magic:  3/3        EV: 13    Int: 14    God:
Gold:   81         SH:  0    Dex: 13    Spells: 3/3 levels left

rFire   . . .        a - +0 falchion
rCold   . . .        (no shield)
rNeg    . . .        (helmet restricted)
rPois   .            (no amulet)
rElec   .            (no ring)
rCorr   .            (no ring)
SInv    .            (no ring)
Will    .....        (no ring)
Stlth   ++++         (no ring)
HPRegen 0.24/turn    (no ring)
MPRegen 0.08/turn    (no ring)
                     (no ring)

%: no passive effects
@: no status effects
A: almost no armour, amphibious, 8 rings, camouflage 1, gelatinous body 1,
(nimble swimmer 1), tentacles
a: no special abilities


You were on level 5 of the Dungeon.
You visited 1 branch of the dungeon, and saw 2 of its levels.

You collected 81 gold pieces.

Inventory:

Hand Weapons
 a - a +0 falchion (weapon)
 m - a +0 dagger
Wands
 f - a wand of digging (3)
 g - a wand of flame (14)
Scrolls
 b - a scroll of fog
 c - 2 scrolls of magic mapping
 d - 2 scrolls of fear
 j - a scroll of blinking {unknown}
 l - 2 scrolls of identify {unknown}
 n - a scroll of enchant weapon {unknown}
Potions
 e - a potion of haste
 h - a potion of brilliance {unknown}
 i - a potion of lignification {unknown}
 k - a potion of heal wounds {unknown}


   Skills:
 * Level 3.2 Fighting
 * Level 2.2 Long Blades
 * Level 2.2 Dodging
 + Level 7.1 Stealth
 * Level 0.6 Spellcasting


You had 3 spell levels left.
You didn't know any spells.
Your spell library contained the following spells:

 Spells                   Type           Power      Damage    Failure   Level
 Spider Form              Tmut/Pois      0%         N/A       63%         3
 Cause Fear               Hex            0%         N/A       95%         4
 Summon Mana Viper        Hex/Summ       0%         N/A       100%        5


Dungeon Overview and Level Annotations

Branches:
Dungeon (6/15)
 Temple: D:4-7

Altars:
Dithmenos


Innate Abilities, Weirdness & Mutations

You cannot wear most types of armour.
You are amphibious.
You can wear up to eight rings at the same time.
Your skin changes colour to match your surroundings (Stealth+).
Your rubbery body absorbs attacks. (AC +1, EV +1)
((You are camouflaged when in or above water. (Stealth+)))
You have tentacles for arms and can constrict up to eight enemies at once.


Message History

Increase (S)trength, (I)ntelligence, or (D)exterity?
You feel clever. x2
Things that are here:
a +0 dagger; a +0 leather armour; an orc corpse
m - a +0 dagger
There is a stone staircase leading up here.
You climb upwards.
Found a scroll of fog.
There is a stone staircase leading down here.
Found a whip.
Found a scroll labelled BUGABINK IGUEV.
Found a scroll of fear.
n - a scroll labelled BUGABINK IGUEV
d - 2 scrolls of fear (gained 1)
You start resting.
An iguana comes into view.
Found 20 gold pieces.
An adder comes into view.
Found a war axe.
You see here 20 gold pieces.
You now have 81 gold pieces (gained 20).
The iguana hisses angrily.
Found a stone staircase leading up.
An iguana comes into view.
The iguana hisses angrily.
Aiming: Throw Flame
Press: ? - help, Shift-Dir - straight line, f - iguana
Aim: an iguana (72% to hit)
The puff of flame hits the iguana!
The iguana is heavily wounded.
You hit the iguana. Your grab misses the iguana.
The iguana is severely wounded.
The iguana bites you!
Ouch! That really hurt!
You closely miss the iguana. You grab the iguana.
The iguana is severely wounded.
You constrict the iguana, but do no damage.
The iguana bites you!
Ouch! That really hurt!
You die...

#.# #..####
#..#..<..#
##+###..#
##....#####
.'_###..#
##....##
##'###..###
######.....#
#.# #.#...
#..........#
##.###..# #.
###..l..#
........# #.
##...##
#.#.#.#l#
#.###.######.##
#.#.."..#
#.....@ll....#
#.#####.#
#####.########
#.#####.# #.
........# #.
#.####### #.
#.# #. #.# #.
#.# #. #S.


You could see 2 iguanas.

Vanquished Creatures
  2 adders
  A white imp (D:6)
  2 orcs
5 creatures vanquished.

Notes
Turn   | Place    | Note
-------+----------+-------------------------------------------
     0 | D:5      | Esekla the Octopode Delver began the quest for the Orb.
     0 | D:5      | Reached XP level 1. HP: 16/16 MP: 1/1
    51 | D:5      | Noticed a sleepcap
    68 | D:5      | Noticed an iguana
   107 | D:5      | Reached XP level 2. HP: 7/21 MP: 2/2
   114 | D:5      | Found a shadowy altar of Dithmenos.
   217 | D:5      | Got the Parchment of the Lumpy Olives
   292 | D:6      | Noticed an ice beast
   334 | D:6      | Noticed a sky beast
   340 | D:6      | Reached skill level 7 in Stealth
   427 | D:6      | Noticed a lemure
   428 | D:6      | Noticed a lemure
   673 | D:6      | HP: 1/21 [white imp/puff of frost (10)]
   676 | D:6      | Reached XP level 3. HP: 2/26 MP: 3/3
   780 | D:5      | Slain by an iguana

Illustrated notes

Levels and vault maps discovered:
D:5:      layout_loops_ring, lemuel_doored_altar, minmay_misc_feat_rows,
          dreamdust_wishing_well
D:6:      layout_loops_cross, fedhas_altar_fruit_tree,
          minmay_temple_entry_glass, uniq_pikel, uniq_blork_the_orc

Skill      XL: |  1  2 |
---------------+-------+-----
Stealth        | 7 |  7.1
Fighting       | |  3.2
Long Blades    | |  2.2
Dodging        | |  2.2
Spellcasting   | |  0.6

Action                     || total
---------------------------++-------
  Melee: Falchion          ||    15
         Constrict         ||     6
         Tentacles         ||     2
  Evoke: Wand              ||     1
    Use: Scroll            ||     1
   Stab: Sleeping          ||     2
 Armour: Skin              ||     1
  Dodge: Dodged            ||     9
